[Event "*** Titled Tuesday Blitz"]
[Site "Chess.com"]
[Date "2021.04.06"]
[Round "1"]
[White "Semetey"]
[Black "volunteers1998"]
[Result "0-1"]
[WhiteElo "2512"]
[BlackElo "2229"]
[TimeControl "180+1"]
[EndTime "10:07:16 PDT"]
[Termination "volunteers1998 won by checkmate"]

1. e4 c5 2. Nc3 Nc6 3. f4 g6 4.
Nf3 Bg7 5. Bc4 e6 6. e5 d5 7. exd6 Qxd6 8. d3 Nge7 9. Ne4 Qc7 10. O-O O-O 11. c3 a6 12. a4 b6 13. Qe1 Bb7 14. Qh4 Rad8 15. Nf6+ Bxf6 16. Qxf6 Nd5 17. Qh4 Na5 18.
Ng5 Nf6 19. Nf3 Nd5 20. Ne5 Nxc4 21. dxc4 Qe7 22. Qh6 Nf6 23. Be3 Rd6 24. Rae1 Rfd8 25. f5 exf5 26. Bg5 Re6 27. Qh4 h5 28. Nf3 Rd3 29. Rxe6 Qxe6 30. Bxf6 Qe3+ 31. Kh1 Bxf3 32. Re1 Bxg2+ 33. Kxg2 Rd2+ 34. Kh1 Qf3+ 35. Kg1 Qg2# 0-1

[Event "*** Titled Tuesday Blitz"]
[Site "Chess.com"]
[Date "2021.04.06"]
[Round "1"]
[White "Annagozel"]
[Black "Pliukha_Mikhail"]
[Result "0-1"]
[WhiteElo "1821"]
[BlackElo "2483"]
[TimeControl "180+1"]
[EndTime "10:07:16 PDT"]
[Termination "Pliukha_Mikhail won on time"]

1. e4 c6 2. d4 d5 3. e5 c5 4. c3 Nc6 5. a3 Bf5 6. Bd3 Bxd3 7.
Qxd3 e6 8. Nf3 Rc8 9. O-O Nge7 10. dxc5 Ng6 11. b4 Ngxe5 12. Nxe5 Nxe5 13. Qg3 Ng6 14. Bg5 Be7 15. Bxe7 Qxe7 16. Nd2 O-O 17. f4 Qf6 18. Rae1 Rfd8 19. Nb3 Ne7 20. Nd4 Nf5 21. Qd3 g6 22. Nxf5 exf5 23. Re5 Rd7 24. Rxd5 Rxd5 25. Qxd5 Qxc3 26.
Qxb7 Re8 27. h3 Qd4+ 28. Kh2 Re2 29. c6 Qe4 30. Qb8+ Kg7 31. Qe5+ Qxe5 32. fxe5 Rc2 33. b5 Kf8 34. Rd1 Ke7 35. Rd7+ Ke6 36. Rxa7 f4 37. c7 f3 38. Kg1 Rxg2+ 39. Kf1 Rc2 40. b6 Kxe5 41. b7 Rc1+ 0-1

[Event "*** Titled Tuesday Blitz"]
[Site "Chess.com"]
[Date "2021.04.06"]
[Round "1"]
[White "GameOverBro"]
[Black "ajedrez1101"]
[Result "1-0"]
[WhiteElo "2516"]
[BlackElo "2132"]
[TimeControl "180+1"]
[EndTime "10:07:17 PDT"]
[Termination "GameOverBro won on time"]

1. e4 d5 2. exd5 Qxd5 3. Nc3 Qa5 4. d4 Nf6 5. Nf3 c6 6. Ne5 Bf5 7. g4 Be6 8. Bg2 Nbd7 9. Nxd7 Nxd7 10. O-O Nf6 11. h3 g6 12. Be3 Bg7 13. Qc1 Nd5 14. Nxd5 Bxd5 15. c4 Bxg2 16. Kxg2 O-O 17. Rd1 Rad8 18.
Qc2 Rd7 19. Qe4 Rfd8 20. a3 Qb6 21. b4 Qc7 22. Ra2 a5 23. Rad2 axb4 24. axb4 e6 25. f4 b5 26. cxb5 cxb5 27. f5 exf5 28. gxf5 Re7 29.
Qf3 gxf5 30. d5 Qc3 31. Bc5 Qxf3+ 32. Kxf3 Red7 33. Kf4 Bh6+ 34. Ke5 Bxd2 35. Rxd2 f6+ 36. Ke6 f4 37. d6 f3 38. Rf2 Rg7 39. Rxf3 Rg1 40.
Rxf6 Re1+ 41. Kd5 Rd1+ 42. Kc6 Kg7 43. Rf3 Rd2 44. Kxb5 Kg6 45. Kc6 h5 46. h4 1-0

[Event "*** Titled Tuesday Blitz"]
[Site "Chess.com"]
[Date "2021.04.06"]
[Round "1"]
[White "InitiatingASC"]
[Black "GMSrinath"]
[Result "0-1"]
[WhiteElo "2429"]
[BlackElo "2814"]
[TimeControl "180+1"]
[EndTime "10:07:19 PDT"]
[Termination "GMSrinath won by resignation"]

1. d4 Nf6 2. c4 e6 3. Nc3 Bb4 4. e3 O-O 5. Bd3 c5 6. Nf3 d5 7. O-O Nc6 8. a3 Bxc3 9. bxc3 dxc4 10. Bxc4 b6 11. Bb2 Bb7 12. Bd3 Rc8 13. c4 cxd4 14. exd4 Na5 15. Rc1 Qe7 16. Qe2 Rfd8 17. Rfd1 g6 18.
Ne5 Nb3 19. d5 Nxc1 20. Rxc1 exd5 21. Ng4 Qxe2 22. Nxf6+ Kg7 23. Bxe2 d4 24. Nd5 Bxd5 25. cxd5 Rxc1+ 26. Bxc1 Rxd5 27. Bd3 b5 28. Bd2 a6 29. f3 f6 30. Kf2 Re5 31. Bf4 Re6 32. Bd2 h5 33. g3 g5 34. h3 Rc6 35. f4 g4 36. hxg4 hxg4 37. Bf5 Rc5 38. Bxg4 Rc2 39. Ke2 Ra2 40. Bc8 Rxa3 41. g4 a5 42. g5 fxg5 43. fxg5 b4 44. Kd1 d3 45. Kc1 Ra1+ 46.
Kb2 Rd1 47. Be3 d2 48. Bd7 Rb1+ 49. Kxb1 d1=Q+ 50. Kb2 Qxd7 0-1

[Event "*** Titled Tuesday Blitz"]
[Site "Chess.com"]
[Date "2021.04.06"]
[Round "1"]
[White "NiranjanNavalgund"]
[Black "lukazz029"]
[Result "1-0"]
[WhiteElo "2509"]
[BlackElo "2119"]
[TimeControl "180+1"]
[EndTime "10:07:19 PDT"]
[Termination "NiranjanNavalgund won by resignation"]

1. e4 c5 2. d4 cxd4 3. c3 d5 4. exd5 Qxd5 5. Nf3 Nf6 6. cxd4 Bg4 7. Be2 e6 8. Nc3 Qd7 9. Ne5 Bxe2 10. Qxe2 Qc7 11.
O-O Nbd7 12. Bf4 Qb6 13. d5 Be7 14. Nc4 Qa6 15. d6 Bd8 16. b4 b6 17. a4 O-O 18. b5 Qb7 19. Rad1 Rc8 20. Qd3 Nc5 21. Qd4 Nfd7 22. Qe3 Bf6 23. Ne5 Rfd8 24. Nc6 Rxc6 25. bxc6 Qxc6 26. Nb5 Nxa4 27. Nxa7 Qb7 28. Nb5 Nac5 29.
Bg3 e5 30. Nc7 e4 31. Nd5 Re8 32. Nxf6+ Nxf6 33. Bh4 Nfd7 34. f3 Qc6 35. fxe4 Nxe4 36. Qf4 f6 37. Bf2 b5 38. Rfe1 b4 39. Rd4 Ndc5 40.
Rc4 Qd5 41. Rxc5 Nxc5 42. Rxe8+ Kf7 43. Re7+ Kf8 44. h3 b3 45. Bxc5 Qxc5+ 46. Qf2 Qxd6 47. Rb7 Qd1+ 48. Kh2 Qd6+ 49. Qg3 Qd5 50. Qxb3 1-0

[Event "*** Titled Tuesday Blitz"]
[Site "Chess.com"]
[Date "2021.04.06"]
[Round "1"]
[White "Rud_Makarian"]
[Black "Nara_Kh"]
[Result "1-0"]
[WhiteElo "2878"]
[BlackElo "2450"]
[TimeControl "180+1"]
[EndTime "10:07:20 PDT"]
[Termination "Rud_Makarian won by resignation"]

1. d4 d5 2. c4 c6 3. Nf3 Nf6 4.
e3 Bf5 5. Nc3 a6 6. Qb3 Ra7 7.
cxd5 cxd5 8. Bd2 Nc6 9. Rc1 e6 10. Na4 Bd6 11. Be2 O-O 12. O-O Qe7 13. Nc5 Rb8 14. Rfd1 e5 15. dxe5 Nxe5 16. Nd4 Bg4 17. Qb6 Bxe2 18. Nxe2 Raa8 19. Ng3 g6 20. Bb4 Rd8 21.
Ba3 Rab8 22. b3 Bc7 23. Nxa6 Qxa3 24. Nxc7 Ned7 25. Qd4 Qxa2 26. Nxd5 Nxd5 27. Qxd5 Nf6 28. Qe5 Qa6 29. h3 Re8 30. Qb2 Qe6 31. Rc4 h5 32. Rcd4 Kh7 33. Rd6 Rbd8 34. Rxd8 Rxd8 35. Rxd8 h4 36.
Ne4 Qxe4 37. Qxf6 Qb1+ 38. Kh2 1-0

[Event "*** Titled Tuesday Blitz"]
[Site "Chess.com"]
[Date "2021.04.06"]
[Round "1"]
[White "Smile2005"]
[Black "esapunov"]
[Result "0-1"]
[WhiteElo "2389"]
[BlackElo "2717"]
[TimeControl "180+1"]
[EndTime "10:07:20 PDT"]
[Termination "esapunov won by checkmate"]

1. Nf3 Nf6 2. g3 g6 3. Bg2 Bg7 4. O-O O-O 5. d3 d6 6. Nc3 e5 7. e4 Re8 8. d4 exd4 9. Nxd4 Nc6 10. Nxc6 bxc6 11. Re1 Nd7 12. Bf4 Rb8 13. Qc1 Ne5 14.
Rb1 Bg4 15. Bxe5 Bxe5 16. Qe3 c5 17. h3 Be6 18. b3 c6 19. Kh2 Qa5 20. Na4 Qb4 21.
Red1 Rbd8 22. c3 Qa5 23. f4 Bg7 24. e5 dxe5 25. Qxc5 Qc7 26. Qxc6 Qb8 27. Rxd8 Rxd8 28. Nc5 exf4 29. Nxe6 fxg3+ 30. Kh1 fxe6 31. Qxe6+ Kh8 32. c4 Qb4 33. Rf1 Qc5 34. Bd5 Qd4 35. Qe7 Rb8 36. Qf7 a5 37. Qf3 Be5 38. Qe4 Qb2 39. Qg2 Qc3 40. h4 Rd8 41. h5 gxh5 42. Qf3 Qd2 43. Qxh5 Bg7 44. Qf3 Qh2# 0-1

[Event "*** Titled Tuesday Blitz"]
[Site "Chess.com"]
[Date "2021.04.06"]
[Round "1"]
[White "Vugar_Manafov"]
[Black "Rytenko_V"]
[Result "1-0"]
[WhiteElo "2685"]
[BlackElo "2371"]
[TimeControl "180+1"]
[EndTime "10:07:20 PDT"]
[Termination "Vugar_Manafov won by resignation"]

1. Nf3 d5 2. g3 c5 3. Bg2 e6 4.
O-O Nf6 5. d3 Be7 6. Nc3 O-O 7.
e4 dxe4 8. dxe4 Qxd1 9. Rxd1 Nc6 10. h3 e5 11. Bg5 Be6 12. Nd5 Bd8 13. Bxf6 gxf6 14.
Nh4 Kg7 15. Rd2 Ba5 16. c3 Rad8 17. Rad1 Rd6 18. Bf3 Rfd8 19. Bg4 Ne7 20. Nf5+ Nxf5 21. Bxf5 Bxf5 22. exf5 c4 23. Kf1 b5 24. Ke2 h5 25.
Ne3 Rxd2+ 26. Rxd2 Rxd2+ 27. Kxd2 Bb6 28. Ke2 Bxe3 29.
Kxe3 Kf8 30. Ke4 Ke7 31. Kd5 Kd7 32. Kc5 a6 33. Kb6 e4 34. Kxa6 Kc6 35. Ka5 Kc5 36. a3 Kd5 37. Kxb5 h4 38. gxh4 Ke5 39. a4 Kf4 40. a5 Kf3 41. a6 Kxf2 42. a7 e3 43. a8=Q e2 44. Qh1 e1=Q 45. Qxe1+ Kxe1 46. h5 1-0

[Event "*** Titled Tuesday Blitz"]
[Site "Chess.com"]
[Date "2021.04.06"]
[Round "1"]
[White "MaxLeto"]
[Black "KrolPawel92OnTwitch"]
[Result "1-0"]
[WhiteElo "2368"]
[BlackElo "2643"]
[TimeControl "180+1"]
[EndTime "10:07:20 PDT"]
[Termination "MaxLeto won by checkmate"]

1. g4 d5 2. Bg2 Bxg4 3. c4 e6 4.
Qb3 Nc6 5. cxd5 Nd4 6. Qa4+ c6 7. Qxd4 Nf6 8. e4 Bh5 9. Nc3 Be7 10. Nge2 O-O 11.
dxe6 Qa5 12. Ng3 Bg6 13. exf7+ Rxf7 14. O-O Bc5 15. Qa4 Qb6 16. Qb3 Qc7 17. d3 Ng4 18. Nd1 Rf8 19. Ne3 Ne5 20. Nef5 Kh8 21. Be3 Bxe3 22. fxe3 Qd8 23. d4 Ng4 24. Rae1 Qg5 25.
h4 Qf6 26. Rf4 Nxe3 27. Qxe3 Re8 28. e5 Qe6 29. Ref1 Qxa2 30. Nd6 Rxf4 31. Qxf4 Rg8 32. h5 Be8 33. h6 gxh6 34. Qf6+ Rg7 35. Nxe8 Qxb2 36. Qxg7# 1-0

[Event "*** Titled Tuesday Blitz"]
[Site "Chess.com"]
[Date "2021.04.06"]
[Round "1"]
[White "TedBelanoff"]
[Black "VD_coach"]
[Result "0-1"]
[WhiteElo "2116"]
[BlackElo "2508"]
[TimeControl "180+1"]
[EndTime "10:07:20 PDT"]
[Termination "VD_coach won by resignation"]

1. e4 c5 2. Nf3 d6 3. d4 cxd4 4.
Nxd4 Nf6 5. Bd3 g6 6. c4 Bg7 7.
Be3 Nc6 8. Nc3 Ng4 9. Nxc6 Nxe3 10.
Nxd8 Nxd1 11. Nxd1 Kxd8 12. O-O Be6 13. Rb1 Kc7 14.
b3 Rac8 15. Ne3 Kb8 16. Rfe1 Rhe8 17. Nd5 Bd7 18. h3 e6 19. Ne3 Rc7 20. Ng4 h5 21. Nh2 g5 22. Nf3 g4 23. hxg4 hxg4 24.
Ng5 Bc6 25. b4 Bh6 26. Nh7 f5 27. Nf6 Rf8 28. Nh5 f4 29. b5 Bd7 30. e5 dxe5 31.
Rxe5 g3 32. f3 Be8 33. c5 Rh8 34. Nf6 Bg7 35. Nxe8 Bxe5 36. Nxc7 Kxc7 37. b6+ axb6 38. cxb6+ Kd6 39. Be4 Bd4+ 40. Kf1 e5 41. Ke2 Rh2 42. Kd3 Rxg2 43. Bxb7 Rb2 44. Rxb2 Bxb2 45. Bc8 g2 0-1

[Event "*** Titled Tuesday Blitz"]
[Site "Chess.com"]
[Date "2021.04.06"]
[Round "1"]
[White "azikom"]
[Black "Kotofeyca"]
[Result "1-0"]
[WhiteElo "2694"]
[BlackElo "2375"]
[TimeControl "180+1"]
[EndTime "10:07:21 PDT"]
[Termination "azikom won by resignation"]

1. d4 d5 2. Nf3 c6 3. Bf4 Bg4 4. Nbd2 Nd7 5. e3 e6 6. h3 Bh5 7. c4 Bb4 8. a3 Bxd2+ 9. Qxd2 Bxf3 10.
gxf3 Ngf6 11. Rg1 O-O 12. O-O-O Re8 13. Kb1 Rc8 14. Bh6 g6 15. Bg5 Qc7 16. h4 dxc4 17.
Bxc4 c5 18. Rc1 Qb6 19. dxc5 Rxc5 20. Be2 Rec8 21. Rxc5 Qxc5 22. Rd1 Kg7 23. Bf4 Nd5 24. Bg3 Kg8 25. e4 N5f6 26. Rc1 Qxc1+ 27. Qxc1 Rxc1+ 28. Kxc1 e5 29. Kd2 Kf8 30. Ke3 Ke7 31. f4 Kd6 32.
fxe5+ Nxe5 33. f4 Neg4+ 34. Kf3 h5 35. e5+ Kd5 36. exf6 Nxf6 37. Bf2 b6 38. Bd3 Nd7 39. Be4+ Kd6 40. f5 Nf8 41. fxg6 fxg6 42. Kf4 Ke6 43.
Bc2 Kf6 44. Bd4+ Kf7 45. Bb3+ Ke7 46. Kg5 1-0

[Event "*** Titled Tuesday Blitz"]
[Site "Chess.com"]
[Date "2021.04.06"]
[Round "1"]
[White "Evgeny81"]
[Black "rynos0411"]
[Result "0-1"]
[WhiteElo "2769"]
[BlackElo "2436"]
[TimeControl "180+1"]
[EndTime "10:07:23 PDT"]
[Termination "rynos0411 won by checkmate"]

1. e4 c6 2. d4 d5 3. Nc3 dxe4 4. Nxe4 Nf6 5. Nxf6+ exf6 6. c3 Bd6 7. Bd3 O-O 8.
Qc2 Re8+ 9. Ne2 h5 10. Be3 Nd7 11. O-O-O Nf8 12. h3 Be6 13. g4 h4 14. Kb1 Bd5 15. Rhg1 Bh2 16. Rge1 b5 17. Nf4 Bf3 18. Rc1 Ne6 19. Nh5 Ng5 20. Ka1 Qd6 21. c4 bxc4 22.
Bxc4 Be4 23. Qa4 g6 24. f4 Nf3 25. Rf1 gxh5 26. gxh5 Rab8 27. Be2 Rb4 28. Qa3 Nxd4 29.
Bxd4 Qxd4 30. Rfd1 Qb6 31. Bc4 Bg3 32. Rd7 Bd5 33.
Bxd5 cxd5 34. Qd3 Qe3 35. Qd1 Rd4 36. Qg4+ Kf8 37. h6 Qxc1# 0-1

[Event "*** Titled Tuesday Blitz"]
[Site "Chess.com"]
[Date "2021.04.06"]
[Round "1"]
[White "louis198"]
[Black "monikarozman"]
[Result "1-0"]
[WhiteElo "2539"]
[BlackElo "2207"]
[TimeControl "180+1"]
[EndTime "10:07:23 PDT"]
[Termination "louis198 won on time"]

1. d4 Nf6 2. c4 e6 3. Nc3 Bb4 4. Qb3 c5 5. e3 O-O 6. Bd3 Nc6 7. Ne2 d5 8. cxd5 exd5 9. dxc5 Bxc5 10. O-O b6 11. a3 Bb7 12. Rd1 Rc8 13. Bd2 Bd6 14. Nb5 Bb8 15. Nbd4 Ne5 16. Bf5 Neg4 17. Ng3 Rc4 18. Bb4 Re8 19. Rac1 a5 20. Be1 Rxc1 21. Rxc1 Qd6 22. Nb5 Qe5 23. Bc3 Qe7 24. Bd4 h5 25. Bxb6 h4 26. Nf1 h3 27. Bc7 hxg2 28. Ng3 Bxc7 29.
Rxc7 Qe5 30. Rxb7 Nh5 31. Nd4 Nxg3 32. hxg3 Nh6 33. Bh3 Qe4 34. Qc2 Qe5 35. Bxg2 Ng4 36. Qc7 Qh5 37. Nf3 Rf8 38. Qf4 Nf6 39. Qg5 Qh7 40. Nd4 1-0

[Event "*** Titled Tuesday Blitz"]
[Site "Chess.com"]
[Date "2021.04.06"]
[Round "1"]
[White "Zmof"]
[Black "Yurovskykh_Oleksandr"]
[Result "0-1"]
[WhiteElo "2202"]
[BlackElo "2532"]
[TimeControl "180+1"]
[EndTime "10:07:23 PDT"]
[Termination "Yurovskykh_Oleksandr won by resignation"]

1. e4 d5 2. exd5 Qxd5 3. Nc3 Qd8 4. d4 Nf6 5. Nf3 Bg4 6. Be2 e6 7. O-O c6 8. Bg5 Be7 9. Qd2 Nbd7 10. Rad1 O-O 11. h3 Bxf3 12. Bxf3 Nd5 13. Bxe7 Qxe7 14. Nxd5 cxd5 15. Rfe1 Nb6 16. c3 Qc7 17. Be2 Rfc8 18. Bd3 g6 19. Qh6 Nc4 20. Re2 Nd6 21. h4 Qd8 22. h5 Qf8 23. Qxf8+ Kxf8 24. g3 b5 25. Kg2 Rab8 26. Rh1 Kg7 27. h6+ Kf6 28. f4 b4 29. Rc1 Rc6 30. Kf3 Rbc8 31. Rec2 bxc3 32.
Rxc3 Rxc3 33. Rxc3 Rb8 34. b3 Rb7 35. Rc6 Nf5 36.
Bxf5 gxf5 37. g4 fxg4+ 38. Kxg4 Rb4 39. Ra6 Rxd4 40. Rxa7 e5 41. Ra6+ Ke7 42. Kf5 e4 43.
Ke5 Rd2 44. Ra7+ Kd8 45. Kd6 Kc8 46. Rxf7 e3 47. Rxh7 d4 48. Rc7+ Kb8 49. h7 Rh2 50. Rg7 e2 51. Re7 d3 52. Kc6 d2 53. Rxe2 Rh6+ 54.
Kb5 d1=Q 55. Re8+ Kb7 56. h8=Q Rxh8 57. Rxh8 Qd5+ 0-1

[Event "*** Titled Tuesday Blitz"]
[Site "Chess.com"]
[Date "2021.04.06"]
[Round "1"]
[White "Cuajada_Zero"]
[Black "Joshukid"]
[Result "1-0"]
[WhiteElo "2308"]
[BlackElo "2584"]
[TimeControl "180+1"]
[EndTime "10:07:24 PDT"]
[Termination "Cuajada_Zero won by resignation"]

1. d4 Nf6 2. Bg5 g6 3. Bxf6 exf6 4. c4 Bg7 5. Nc3 O-O 6. g3 f5 7. Bg2 d6 8. e3 c6 9. Nge2 Na6 10. O-O Nc7 11.
Qd3 a5 12. b3 Re8 13. a3 h5 14. b4 Be6 15. b5 Bd7 16. bxc6 Bxc6 17. d5 Bd7 18. Rab1 Na6 19. Nb5 Nc5 20. Qc2 Rc8 21. Nec3 Qe7 22. Na4 Nxa4 23. Qxa4 b6 24. Qb3 Rc5 25.
Nd4 Rb8 26. Nc6 Bxc6 27. dxc6 h4 28. Rfd1 hxg3 29. hxg3 g5 30. Qd3 Be5 31. f4 gxf4 32. exf4 Bf6 33. Qxd6 Qxd6 34. Rxd6 Kg7 35. Bd5 Re8 36.
Rxb6 Bd4+ 37. Kg2 Rxd5 38. cxd5 Bxb6 39. Rd7 Rd8 40. Rxd8 Bxd8 41. d6 1-0

[Event "*** Titled Tuesday Blitz"]
[Site "Chess.com"]
[Date "2021.04.06"]
[Round "1"]
[White "guillembaches"]
[Black "MIJuanReyesRosa"]
[Result "1-0"]
[WhiteElo "2490"]
[BlackElo "2003"]
[TimeControl "180+1"]
[EndTime "10:07:24 PDT"]
[Termination "guillembaches won on time"]

1. e4 c5 2. Nf3 e6 3. c4 a6 4. Nc3 Qc7 5. Be2 d6 6. O-O Nf6 7. d4 cxd4 8. Nxd4 b6 9. Be3 Bb7 10. f3 Be7 11. Qd2 Nbd7 12. a4 O-O 13. a5 bxa5 14. Nb3 Rac8 15. Nxa5 Nc5 16. b4 Ncd7 17.
Nxb7 Qxb7 18. Rfb1 d5 19. c5 Ra8 20. exd5 Nxd5 21. Nxd5 exd5 22. Rd1 a5 23. Qxd5 Qxd5 24. Rxd5 Nf6 25. Re5 Rfe8 26. bxa5 Nd7 27. Rd5 Bxc5 28. Bxc5 Nxc5 29. Bb5 Rec8 30. Rc1 Nb3 31. Rxc8+ Rxc8 32. a6 g6 33. a7 Ra8 34. Rd7 Na5 35. Bd3 Nc6 36.
Be4 Rxa7 37. Bxc6 1-0

[Event "*** Titled Tuesday Blitz"]
[Site "Chess.com"]
[Date "2021.04.06"]
[Round "1"]
[White "DenLaz"]
[Black "lucachess49"]
[Result "1-0"]
[WhiteElo "2843"]
[BlackElo "2442"]
[TimeControl "180+1"]
[EndTime "10:07:25 PDT"]
[Termination "DenLaz won by resignation"]

1. d4 Nf6 2. c4 e6 3. Nf3 a6 4.
Nc3 d5 5. cxd5 exd5 6. Bg5 Be6 7.
e3 Nbd7 8. Bd3 Bd6 9. O-O c6 10. Bf4 Qc7 11. Bxd6 Qxd6 12. h3 O-O 13. Qc2 h6 14.
Rfc1 Rfc8 15. Rab1 b5 16. Ne2 Nb6 17. Nf4 Nc4 18. Qd1 Bd7 19. b3 Na3 20. Ra1 a5 21. Rc5 Be8 22. Qc1 b4 23. Ne5 Ne4 24. Bxe4 dxe4 25.
Qb2 Nb5 26. Rac1 Nc3 27. Ne2 Nd5 28. Qc2 f5 29. Nxc6 Bxc6 30. Rxc6 Rxc6 31. Qxc6 Qxc6 32.
Rxc6 Kf7 33. g4 g6 34. Ng3 a4 35. gxf5 gxf5 36. Nxf5 axb3 37. axb3 Ra3 38. Nxh6+ Ke8 39. Rc5 Nc3 40. Nf5 Rxb3 41. Nd6+ Kd7 42. Nc4 Rb1+ 43.
Kg2 b3 44. Ne5+ Ke6 45. Rxc3 b2 46. Rb3 Kf5 47. Nc4 Rc1 48. Nxb2 Rb1 49. Rb5+ Kg6 1-0

[Event "*** Titled Tuesday Blitz"]
[Site "Chess.com"]
[Date "2021.04.06"]
[Round "1"]
[White "Zeeduin"]
[Black "ChainsOfFantasia"]
[Result "0-1"]
[WhiteElo "2764"]
[BlackElo "2435"]
[TimeControl "180+1"]
[EndTime "10:07:26 PDT"]
[Termination "ChainsOfFantasia won by resignation"]

1. e4 e6 2. d3 d5 3. Nd2 Nc6 4. Ngf3 Nf6 5. g3 dxe4 6. dxe4 e5 7. Bg2 Bc5 8. h3 O-O 9. O-O a5 10. c3 Qe7 11. Qc2 Rd8 12. Nc4 b6 13. Ne3 Ba6 14. Re1 Bd3 15. Qa4 b5 16. Qd1 Bxe4 17. Qb3 Rab8 18. Ng5 a4 19. Nxe4 axb3 20. Nf5 Qe6 21.
Nxc5 Qxf5 22. Bxc6 Qc2 23. Nxb3 Rd1 24. Rxd1 Qxd1+ 25. Kg2 Qc2 26. Bg5 Qxb2 27. Rd1 h6 28. Bxf6 gxf6 29. Rd3 Qxa2 30. Bd5 Qc2 31. Rf3 Kg7 32.
Nc5 Rd8 33. Be4 Qc1 34. g4 Rd1 35. Re3 Rg1+ 36. Kh2 Rf1 37. Nd3 Rxf2+ 38. Nxf2 Qxe3 39. Kg2 Qxc3 40. h4 b4 41. Nd1 Qd2+ 42. Nf2 b3 0-1

[Event "*** Titled Tuesday Blitz"]
[Site "Chess.com"]
[Date "2021.04.06"]
[Round "1"]
[White "j2806"]
[Black "Horizonevent"]
[Result "1-0"]
[WhiteElo "2158"]
[BlackElo "2505"]
[TimeControl "180+1"]
[EndTime "10:07:26 PDT"]
[Termination "j2806 won by resignation"]

1. e4 e5 2. Nf3 Nc6 3. Bb5 a6 4.
Ba4 Nf6 5. d3 d6 6. c3 Be7 7. O-O O-O 8. Nbd2 b5 9. Bb3 Na5 10.
Bc2 c5 11. h3 Nc6 12. Re1 Qc7 13. Nf1 d5 14. exd5 Nxd5 15. Ng3 f5 16. Bg5 Bd6 17.
d4 cxd4 18. cxd4 e4 19. Ne5 Be6 20. Nxc6 Qxc6 21. Rc1 Qd7 22. Bd2 e3 23. Ba5 exf2+ 24. Kxf2 f4 25. Ne4 Ne3 26. Qf3 Bd5 27. Kg1 Rae8 28.
Bb3 Bxb3 29. axb3 Be7 30. Bc3 Bh4 31. Rf1 Nxf1 32. Rxf1 Kh8 33. Qh5 Rxe4 34. Qxh4 f3 35. Qxe4 h5 36. Rxf3 Rxf3 37. Qxf3 Qe6 38. d5 Qg6 39. Qf8+ Kh7 40. Qf3 h4 41. Qf2 Qb1+ 42. Qf1 Qe4 43. d6 Qe3+ 44. Kh1 Qg3 45. Qd1 Qf4 46.
d7 1-0

[Event "*** Titled Tuesday Blitz"]
[Site "Chess.com"]
[Date "2021.04.06"]
[Round "1"]
[White "FGHSMN"]
[Black "garicradomir"]
[Result "1-0"]
[WhiteElo "2577"]
[BlackElo "2267"]
[TimeControl "180+1"]
[EndTime "10:07:27 PDT"]
[Termination "FGHSMN won on time"]

1. e4 Nc6 2. d4 e5 3. d5 Nce7 4. c4 Ng6 5. Nc3 Bc5 6. Bd3 d6 7. Nge2 Nf6 8. Na4 Bb4+ 9. Bd2 Bxd2+ 10. Qxd2 a6 11. Nac3 O-O 12. h4 h5 13. O-O-O Bd7 14. g3 b5 15. f4 b4 16. Nb1 a5 17. f5 Ne7 18. Rdf1 Qb8 19. g4 Nxg4 20. f6 Ng6 21. fxg7 Kxg7 22. Ng3 Rh8 23. Qg5 Qb6 24. Nf5+ Kf8 25.
Nd2 Bxf5 26. Qxf5 Nf4 27. Bc2 Qe3 28. Rf3 Qd4 29. Rhf1 Rh6 30. Qg5 Rg6 31. Rxf4 exf4 32.
Qxh5 Qe3 33. e5 Qxe5 34. Bxg6 fxg6 35. Qxg6 Ne3 36. Rg1 Re8 37. Qh7 1-0

[Event "*** Titled Tuesday Blitz"]
[Site "Chess.com"]
[Date "2021.04.06"]
[Round "1"]
[White "IriBu"]
[Black "svilson23"]
[Result "1-0"]
[WhiteElo "2560"]
[BlackElo "2243"]
[TimeControl "180+1"]
[EndTime "10:07:28 PDT"]
[Termination "IriBu won on time"]

1. e4 c6 2. d4 d5 3. e5 c5 4.
dxc5 e6 5. a3 Bxc5 6. b4 Bb6 7.
Nf3 a5 8. b5 a4 9. Bd3 Ne7 10.
O-O Ng6 11. c4 O-O 12. Bb2 dxc4 13. Bxc4 Nd7 14. Qe2 Qc7 15. Rc1 Nc5 16. Nbd2 Bd7 17. g3 Rac8 18. Ne4 Qb8 19. Bd4 Qa7 20. Nd6 Rc7 21. Bb2 Ne7 22. h4 Nd5 23. Ng5 h6 24.
Nf3 Nb3 25. Bxb3 axb3 26. Kg2 Qa4 27. Rc4 Rxc4 28. Qxc4 Qxc4 29. Nxc4 Bxb5 30. Nd6 Ba4 31. Rc1 Bc7 32. Nxb7 Rb8 33. Nc5 Be8 34. Nd2 Bc6 35.
f3 Ba8 36. Ndxb3 Ne3+ 37. Kf2 Nd5 38. Bd4 Bb6 39. a4 Bxc5 40. Nxc5 Rb4 41. Be3 Bc6 42.
a5 1-0

[Event "*** Titled Tuesday Blitz"]
[Site "Chess.com"]
[Date "2021.04.06"]
[Round "1"]
[White "lacafi"]
[Black "frenchpin"]
[Result "0-1"]
[WhiteElo "2200"]
[BlackElo "2530"]
[TimeControl "180+1"]
[EndTime "10:07:29 PDT"]
[Termination "frenchpin won on time"]

1. d4 e6 2. Nf3 Nf6 3. e3 d5 4. Bd3 c5 5. c3 Nc6 6. Nbd2 Bd6 7.
Qe2 O-O 8. dxc5 Bxc5 9. e4 e5 10.
O-O Bg4 11. exd5 Qxd5 12. Ne4 Be7 13. Rd1 Nxe4 14. Bxe4 Qe6 15. h3 Bh5 16. Bd5 Qf6 17.
Qe3 Rad8 18. c4 Nb4 19. Qb3 h6 20. Bxb7 Rxd1+ 21. Qxd1 Rd8 22. Qe2 Nd3 23. Bd5 Nb4 24.
Be4 Qe6 25. Bd2 Na6 26. Bd5 Qb6 27. Bc3 Bc5 28. g4 Bg6 29. Nxe5 Re8 30. Kg2 Nc7 31.
f4 Kh7 32. Qf3 Nxd5 33. Qxd5 Rd8 34. Qf3 Bc2 35. f5 f6 36. Ng6 Ba4 37. a3 Bc6 0-1

[Event "*** Titled Tuesday Blitz"]
[Site "Chess.com"]
[Date "2021.04.06"]
[Round "1"]
[White "VitaliyBernadskiy"]
[Black "DrRiebert"]
[Result "0-1"]
[WhiteElo "2790"]
[BlackElo "2444"]
[TimeControl "180+1"]
[EndTime "10:07:30 PDT"]
[Termination "DrRiebert won on time"]

1. d4 d5 2. Nf3 Nf6 3. c4 c6 4. Nc3 dxc4 5. e4 b5 6. Be2 b4 7. Na4 Nxe4 8. Bxc4 e6 9. Qe2 Nf6 10. Bg5 Be7 11. Nc5 O-O 12. O-O-O Nbd7 13. Bxf6 Nxf6 14. Ne5 Qc7 15. Rd3 Nd5 16. Rg3 Bxc5 17. dxc5 f6 18.
Nd3 a5 19. h4 Kh8 20. h5 e5 21. Rh4 Bf5 22. Qf3 Bxd3 23. Qxd3 Nf4 24. Qf5 Rad8 25. Rhg4 Qd7 26. Qxd7 Rxd7 27. Kc2 a4 28. a3 b3+ 29. Kc3 Rb8 30. Bd3 Rd5 31. Bc4 Rxc5 32. Rxf4 exf4 33. Rd3 Rxh5 34. Rd7 Rg5 35. Ra7 Rxg2 36. Rxa4 Rxf2 37. Bd3 h5 38. Ra5 Kg8 39. Bg6 h4 0-1

[Event "*** Titled Tuesday Blitz"]
[Site "Chess.com"]
[Date "2021.04.06"]
[Round "1"]
[White "chessbia"]
[Black "horripile"]
[Result "1-0"]
[WhiteElo "2320"]
[BlackElo "2586"]
[TimeControl "180+1"]
[EndTime "10:07:30 PDT"]
[Termination "chessbia won on time"]

1. d4 Nf6 2. c4 e6 3. Nc3 Bb4 4.
Qc2 O-O 5. Nf3 c5 6. dxc5 Na6 7. g3 Nxc5 8. Bg2 Nce4 9. O-O Bxc3 10.
bxc3 d5 11. cxd5 exd5 12. c4 dxc4 13. Ba3 Re8 14. Qxc4 Qa5 15. Bb4 Qh5 16. Rac1 a5 17. Ba3 b5 18. Qc7 Bh3 19. Bb2 b4 20. e3 Bxg2 21. Kxg2 h6 22. h3 Qd5 23. Qc6 Rad8 24.
Qxd5 Nxd5 25. Rfd1 Nb6 26. Rxd8 Rxd8 27. Rc7 a4 28. Rb7 Nd5 29. Ne5 Nd6 30. Ra7 a3 31.
Bd4 f6 32. Nd3 Nb5 33. Ra4 Nbc3 34. Bxc3 Nxc3 35. Rxb4 Rxd3 36. Rb3 f5 37. Rxa3 Kh7 38. g4 Kg6 39. Rb3 Kg5 40. gxf5 Kxf5 41. Kf3 g5 42. a4 h5 43. a5 g4+ 44. hxg4+ hxg4+ 45. Kg2 Ke4 46. a6 Nd5 47. Rxd3 Kxd3 48. a7 Nb6 49.
Kg3 1-0

[Event "*** Titled Tuesday Blitz"]
[Site "Chess.com"]
[Date "2021.04.06"]
[Round "1"]
[White "kai_nov"]
[Black "Omk124"]
[Result "0-1"]
[WhiteElo "2270"]
[BlackElo "2591"]
[TimeControl "180+1"]
[EndTime "10:07:30 PDT"]
[Termination "Omk124 won on time"]

1. d4 Nf6 2. c4 g6 3. f3 Bg7 4.
e4 d6 5. Nc3 O-O 6. Bg5 c5 7.
d5 a6 8. a4 h6 9. Be3 e6 10.
Qd2 exd5 11. cxd5 Kh7 12. Ra3 Nbd7 13. Nh3 Re8 14. Nf2 b6 15. Be2 Bb7 16. O-O Nh5 17.
f4 Nhf6 18. Bf3 Qc7 19. Rc1 Rac8 20. h3 Qd8 21. g4 Qe7 22. Re1 Rb8 23. Raa1 Ba8 24.
Rab1 Qd8 25. Qd3 Bb7 26. b3 Rc8 27. Ne2 Rb8 28. Ng3 b5 29. axb5 axb5 30. b4 c4 31. Qd2 Ra8 32. Bd4 Ra3 33. Re3 Qa8 34. Rxa3 Qxa3 35. Kg2 Ra8 36. Bb2 Qa2 37. Rc1 Nxe4 38.
Nfxe4 Qxb2 39. Rc2 Qb3 40. Nxd6 Ra3 41. Qe2 Bxd5 0-1